 Dungeon Crawl Stone Soup version 0.30-a0-250-g41c1d76940 (webtiles) character file.

Game seed: 15557356241036220877

23641 brknglss the Arsonist (level 13, -2/84 HPs)
             Began as an Octopode Fire Elementalist on Oct 12, 2022.
             Was a High Priest of Vehumet.
             Slain by a catoblepas (8 damage)
             ... while petrified by a catoblepas
             ... on level 4 of the Lair of Beasts.
             The game lasted 00:54:22 (19543 turns).

brknglss the Arsonist (Octopode Fire Elementalist) Turns: 19543, Time: 00:54:22

Health: -2/84      AC:  3    Str:  7    XL:     13   Next: 8%
Magic:  20/23      EV:  2    Int: 22    God:    Vehumet [*****.]
Gold:   1428       SH:  0    Dex: 13    Spells: 19/26 levels left

rFire   + + .      SeeInvis +    k - staff of conjuration
rCold   x . .      Faith    .    (no shield)
rNeg    + + +      Spirit   .    I - +2 hat
rPois   ∞          Reflect  +    A - amulet of reflection
rElec   .          Harm     .    b - ring of protection from fire
rCorr   +          Rampage  .    y - ring of fire
Will    .....                    E - +4 ring of evasion
Stlth   +++.......               F - ring of see invisible
HPRegen 0.34/turn                R - ring of resist corrosion
MPRegen 0.18/turn                (no ring)
                                 (no ring)
                                 (no ring)

@: petrified
A: almost no armour, amphibious, 8 rings, camouflage 1, gelatinous body 1,
(nimble swimmer 1), tentacles
a: Renounce Religion


You were on level 4 of the Lair of Beasts.
You worshipped Vehumet.
Vehumet was extremely pleased with you.
You visited 3 branches of the dungeon, and saw 17 of its levels.

You collected 1428 gold pieces.

Inventory:

Hand Weapons
 j - a +3 vorpal war axe
 u - the +7 short sword "Ynyl" {vorpal, rN+ Str-5 Int+6}
   (You found it on level 6 of the Dungeon)

   It inflicts extra damage upon your enemies.
   Str:       It affects your strength (-5).
   Int:       It affects your intelligence (+6).
   rN:        It protects you from negative energy.
 v - the +10 dagger "Spiderslayer" {freeze, rPois rN+ MP+9}
   (You found it on level 9 of the Dungeon)

   It freezes those it strikes, dealing additional cold damage.
   It can also slow down cold-blooded creatures.
   rPois:     It protects you from poison.
   rN:        It protects you from negative energy.
   MP:        It affects your magic capacity (+9).
 x - a +2 whip of flaming
Missiles
 t - 34 poisoned darts
 w - 3 throwing nets
 K - 2 curare-tipped darts
Armour
 I - a +2 hat (worn)
Magical Staves
 k - a staff of conjuration (weapon)
 S - a staff of fire
Jewellery
 b - a ring of protection from fire (left tentacle)
 y - a ring of fire (right tentacle)
 z - an amulet of regeneration
 A - an amulet of reflection (around mantle)
 E - a +4 ring of evasion (on tentacle)
 F - a ring of see invisible (on tentacle)
 M - a ring of flight
 R - a ring of resist corrosion (on tentacle)
Wands
 B - a wand of roots (8)
 C - a wand of flame (38)
 H - a wand of acid (14)
 P - a wand of charming (6)
 Q - a wand of digging (10)
 U - a wand of polymorph (4)
Scrolls
 c - 3 scrolls of teleportation
 d - 2 scrolls of enchant weapon
 e - 4 scrolls of magic mapping
 f - 2 scrolls of torment
 g - a scroll of vulnerability
 h - 2 scrolls of fear
 i - 2 scrolls of blinking
 l - 4 scrolls of enchant armour
 m - 5 scrolls of amnesia
 n - 4 scrolls of immolation
 r - 5 scrolls of poison
 G - a scroll of brand weapon {unknown}
 L - a scroll of fog
 N - a scroll of summoning {unknown}
 O - a scroll of acquirement {unknown}
 T - a scroll of identify
Potions
 a - a potion of magic
 o - a potion of flight
 p - 5 potions of mutation
 q - 5 potions of haste
 s - 2 potions of might
 D - 3 potions of attraction
 J - 2 potions of lignification


   Skills:
 + Level 6.3 Fighting
 - Level 3.0 Staves
 + Level 9.2 Dodging
 - Level 2.6 Stealth
 - Level 7.0 Spellcasting
 + Level 8.9 Conjurations
 * Level 13.0 Fire Magic
 - Level 8.0 Evocations


You had 19 spell levels left.
You knew the following spells:

 Your Spells              Type           Power      Damage    Failure   Level
a - Foxfire               Conj/Fire      100%       2x1d9     1%          1
b - Scorch                Fire           100%       2d10      1%          2
c - Flame Wave            Conj/Fire      90%        2d19      1%          4

Your spell library contained the following spells:

 Spells                   Type           Power      Damage    Failure   Level
 Arcjolt                  Conj/Air       20%        1d30      11%         5
 Inner Flame              Hex/Fire       53%        N/A       1%          3
 Kindle Blastsparks       Fire/Tloc/Air  80%        2d16      1%          3
 Fulminant Prism          Conj/Hex       20%        3d13      3%          4
 Iskenderun's Mystic Bla  Conj/Tloc      41%        2d9       3%          4
 Apportation              Tloc           14%        N/A       9%          1
 Necrotise                Necr           28%        1d5       9%          1
 Slow                     Hex            28%        N/A       9%          1
 Summon Small Mammal      Summ           28%        N/A       9%          1
 Call Canine Familiar     Summ           7%         N/A       24%         3
 Confusing Touch          Hex            7%         N/A       24%         3
 Summon Guardian Golem    Hex/Summ       7%         N/A       24%         3
 Vampiric Draining        Necr           7%         2d6       24%         3
 Orb of Destruction       Conj           31%        9d10      41%         7
 Lee's Rapid Deconstruct  Erth           3%         3d6*      47%         5
 Animate Dead             Necr           7%         N/A       63%         4
 Cause Fear               Hex            3%         N/A       63%         4
 Leda's Liquefaction      Hex/Erth       3%         N/A       63%         4
 Alistair's Intoxication  Tmut/Pois      4%         N/A       92%         5
 Borgnjor's Vile Clutch   Necr/Erth      3%         N/A       92%         5
 Spellforged Servitor     Conj/Summ      20%        N/A       93%         7
 Death Channel            Necr           3%         N/A       100%        6
 Statue Form              Tmut/Erth      4%         N/A       100%        6
 Dragon Form              Tmut           3%         N/A       100%        7
 Dragon's Call            Summ           3%         N/A       100%        9


Dungeon Overview and Level Annotations

Branches:
Dungeon (12/15)            Temple (1/1) D:6            Lair (4/5) D:9
 Shoals (0/4) Lair:2       Spider (0/4) Lair:3
  Slime: Lair:4-5       Orc: D:9-12

Altars:
Ashenzari
Fedhas
Gozag
Makhleb
Nemelex Xobeh
Qazlal
Trog
Uskayaw
Vehumet
Yredelemnul
Zin

Shops:
D:4 *

Annotations:
Lair:2 1 runed translucent door, Pooter's ghost, journeyman MiBe


Innate Abilities, Weirdness & Mutations

You cannot wear most types of armour.
You are amphibious.
You can wear up to eight rings at the same time.
Your skin changes colour to match your surroundings (Stealth+).
Your rubbery body absorbs attacks. (AC +1, EV +1)
((You are camouflaged when in or above water. (Stealth+)))
You have tentacles for arms and can constrict up to eight enemies at once.


Message History

The catoblepas breathes a plume of calcifying dust at you.
The blast of calcifying dust hits you.
You are engulfed in calcifying dust.
The catoblepas gores you.
You turn to flesh and can move again.
Casting: Foxfire (safe; 1% risk of failure)
Confirm with . or Enter, or press ? or * to list all spells.
You feel a surge of power!
Flames lash the catoblepas but do no damage.
The catoblepas breathes a plume of calcifying dust at you.
The blast of calcifying dust hits you!
Casting: Scorch (safe; 1% risk of failure)
Confirm with . or Enter, or press ? or * to list all spells.
You feel a surge of power!
Flames lash the catoblepas.
The catoblepas is lightly wounded.
The catoblepas's fire resistance burns away.
You are engulfed in calcifying dust.
You are slowing down.
The catoblepas breathes a plume of calcifying dust at you.
The blast of calcifying dust hits you.
Your limbs are stiffening.
The catoblepas attacks as you move away!
The catoblepas gores you!!
The catoblepas is no longer more vulnerable to fire.
The catoblepas closely misses you.
You have turned to stone.
The catoblepas gores you!! x2
* * * LOW HITPOINT WARNING * * *
The catoblepas breathes a plume of calcifying dust at you.
The blast of calcifying dust hits you.
* * * LOW HITPOINT WARNING * * *
You are engulfed in calcifying dust.
The catoblepas gores you!!
* * * LOW HITPOINT WARNING * * *
You are engulfed in calcifying dust.
The catoblepas breathes a plume of calcifying dust at you.
The blast of calcifying dust hits you.
* * * LOW HITPOINT WARNING * * *
You are engulfed in calcifying dust.
The catoblepas gores you!
* * * LOW HITPOINT WARNING * * *
The catoblepas gores you!
You die...

..P>..[....P#
..........P.#
............#
.......>...P#
...........#
...........#
...........#
####.##.#Y.##
## ###@..#
#§.## #§.P#
#...# #...####
#...##~#
####....~♣♣##
###........P♣P#
..........PP~P♣


You could see a catoblepas.

Vanquished Creatures
  A two-headed ogre (D:8)
  2 death yaks (Lair:2)
  A manticore (D:11)
  2 cyclopes
  4 elephants (Lair:3)
  2 black mambas (Lair:1)
  4 cane toads
  A torpor snail (Lair:2)
  Joseph (D:7)
  2 kobold demonologists (D:11)
  2 komodo dragons
  3 rime drakes
  3 trolls
  2 polar bears
  3 blink frogs (Lair:3)
  A hornet (D:9)
  Prince Ribbit (D:6)
  Grinder (D:6)
  A shadow (D:11)
  2 wraiths (D:10)
  16 yaks
  2 basilisks
  A wyvern (Lair:3)
  3 steam dragons
  3 wargs (D:7)
  11 water moccasins
  Edmund (D:5)
  5 orc warriors
  6 black bears
  2 ice beasts
  A sky beast (D:6)
  4 wolves (Lair:4)
  8 ogres
  4 centaurs
  4 kobold brigands
  3 gnoll sergeants
  2 necrophages
  11 bullfrogs
  6 scorpions
  22 wights
  14 killer bees
  10 howler monkeys
  6 crimson imps
  6 hounds
  2 gnoll boudas (D:7)
  7 orc priests (D:7)
  5 iguanas
  14 orc wizards
  30 gnolls
  9 adders
  A shadow imp (D:7)
  3 white imps
  2 ufetubi (D:5)
  6 worms
  2 dart slugs (D:2)
  22 orcs
  4 bats
  4 endoplasms
  7 giant cockroaches
  9 goblins
  5 hobgoblins
  3 quokkas
  A ball python (D:1)
  2 frilled lizards (D:3)
  17 kobolds
  4 rats
349 creatures vanquished.

Vanquished Creatures (collateral kills)
  5 foxfires
5 creatures vanquished.

Vanquished Creatures (others)
  1371 foxfires
  19 fungi
  33 plants
  2 withered plants (Lair:2)
1425 creatures vanquished.

Grand Total: 1779 creatures vanquished

Notes
Turn   | Place    | Note
-------+----------+-------------------------------------------
     0 | D:1      | brknglss the Octopode Fire Elementalist began the quest for
                  | the Orb.
     0 | D:1      | Reached XP level 1. HP: 11/11 MP: 3/3
   387 | D:1      | Reached XP level 2. HP: 15/17 MP: 5/5
  1411 | D:2      | Reached XP level 3. HP: 21/21 MP: 1/6
  1536 | D:2      | Learned a level 2 spell: Scorch
  1934 | D:2      | Reached XP level 4. HP: 27/27 MP: 0/7
  2670 | D:3      | Noticed a +0 dagger
  2678 | D:3      | Noticed a +0 short sword
  2680 | D:3      | Noticed a +0 falchion
  2682 | D:3      | Noticed a +0 falchion
  2685 | D:3      | Noticed a +0 short sword
  2691 | D:3      | Reached skill level 4 in Fire Magic
  2769 | D:3      | Noticed a +0 spear
  2772 | D:3      | Noticed a +0 dagger
  2772 | D:3      | Noticed a +0 spear
  2774 | D:3      | Found a hide-covered altar of Uskayaw.
  2814 | D:3      | Reached skill level 1 in Evocations
  2828 | D:3      | Reached XP level 5. HP: 31/31 MP: 0/8
  3048 | D:3      | Found a faded altar of an unknown god.
  3633 | D:4      | Noticed an ogre
  3641 | D:4      | Killed an ogre
  3642 | D:4      | Reached XP level 6. HP: 36/36 MP: 4/10
  3854 | D:4      | Reached skill level 5 in Fire Magic
  4004 | D:4      | Reached XP level 7. HP: 26/41 MP: 7/11
  4227 | D:4      | Learned a level 4 spell: Flame Wave
  5036 | D:4      | Found Eheiph's Elemental Accessories.
  5061 | D:5      | Entered Level 5 of the Dungeon
  5216 | D:5      | Reached skill level 6 in Fire Magic
  5216 | D:5      | Reached XP level 8. HP: 46/46 MP: 8/13
  5388 | D:5      | Found a bloodstained altar of Trog.
  5407 | D:5      | Found an opulent altar of Gozag.
  5460 | D:5      | Noticed Edmund
  5666 | D:5      | Reached skill level 7 in Fire Magic
  5769 | D:5      | Killed Edmund
  6231 | D:6      | Noticed Grinder
  6241 | D:6      | Killed Grinder
  6242 | D:6      | Reached skill level 5 in Dodging
  6242 | D:6      | Reached XP level 9. HP: 51/51 MP: 4/15
  6672 | D:6      | Noticed Prince Ribbit
  6775 | D:6      | Reached skill level 5 in Evocations
  6980 | D:6      | Reached skill level 5 in Conjurations
  6999 | D:6      | Killed Prince Ribbit
  7000 | D:6      | Reached skill level 5 in Spellcasting
  7000 | D:6      | Reached skill level 8 in Fire Magic
  7182 | D:6      | Found a basalt altar of Yredelemnul.
  7199 | D:6      | Identified the +7 short sword "Ynyl" {vorpal, rN+ Str-5
                  | Int+6}
  7267 | D:6      | Found a staircase to the Ecumenical Temple.
  7278 | Temple   | Entered the Ecumenical Temple
  7290 | Temple   | Became a worshipper of Vehumet
  7800 | D:7      | Reached XP level 10. HP: 46/56 MP: 13/18
  7993 | D:7      | Reached skill level 9 in Fire Magic
  7993 | D:7      | Reached * piety under Vehumet
  7993 | D:7      | Offered knowledge of Freeze by Vehumet.
  8098 | D:7      | Found a glowing silver altar of Zin.
  8408 | D:7      | Noticed Joseph
  8426 | D:7      | Killed Joseph
  8579 | D:7      | Reached skill level 1 in Fighting
  8579 | D:7      | Reached skill level 1 in Staves
  8942 | D:7      | Offered knowledge of Searing Ray by Vehumet.
  8955 | D:7      | Noticed a cyclops
  8965 | D:7      | Killed a cyclops
  8965 | D:7      | Reached ** piety under Vehumet
  9600 | D:7      | Reached skill level 10 in Fire Magic
  9609 | D:7      | Reached XP level 11. HP: 65/65 MP: 9/20
  9715 | D:7      | Offered knowledge of Ignite Poison by Vehumet.
 10082 | D:8      | Found a broken altar of Ashenzari.
 10137 | D:8      | Reached *** piety under Vehumet
 10239 | D:8      | Noticed a two-headed ogre
 10246 | D:8      | Killed a two-headed ogre
 10914 | D:8      | Found a stormy altar of Qazlal.
 11027 | D:8      | Found a blossoming altar of Fedhas.
 11465 | D:9      | Identified the +10 dagger "Spiderslayer" {freeze, rPois rN+
                  | MP+9}
 11515 | D:9      | Offered knowledge of Frozen Ramparts by Vehumet.
 11891 | D:9      | Reached **** piety under Vehumet
 12030 | D:9      | Found the +0 pair of fencer's gloves {Riposte Dex+3}
 12067 | D:9      | Found a staircase to the Lair.
 12092 | D:9      | Offered knowledge of Iskenderun's Battlesphere by Vehumet.
 12855 | D:10     | Entered Level 10 of the Dungeon
 13643 | D:10     | Reached skill level 11 in Fire Magic
 14110 | D:11     | Noticed a manticore
 14113 | D:11     | Noticed a cyclops
 14124 | D:11     | HP: 1/69 [barbs]
 14393 | D:11     | Reached XP level 12. HP: 69/74 MP: 10/22
 14597 | Lair:1   | Entered Level 1 of the Lair of Beasts
 15838 | Lair:2   | Noticed a death yak
 15839 | Lair:2   | Noticed a death yak
 16162 | Lair:2   | Killed a death yak
 16163 | Lair:2   | Reached skill level 5 in Fighting
 16353 | Lair:2   | Reached skill level 12 in Fire Magic
 16559 | Lair:2   | Found a staircase to the Shoals.
 16673 | Lair:2   | Found a runed translucent door.
 16673 | Lair:2   | Noticed Pooter's ghost (journeyman MiBe)
 16867 | Lair:2   | Killed a death yak
 17289 | Lair:3   | Found a hole to the Spider Nest.
 18724 | Lair:4   | Reached ***** piety under Vehumet
 18725 | Lair:4   | Reached XP level 13. HP: 12/83 MP: 21/23
 19223 | Lair:4   | Offered knowledge of Arcjolt by Vehumet.
 19250 | Lair:4   | Reached skill level 13 in Fire Magic
 19543 | Lair:4   | Slain by a catoblepas

Illustrated notes

Levels and vault maps discovered:
D:1:      dpeg_arrival_lava_temple_mockup, layout_loops_ring,
          minmay_misc_feat_cross, grunt_decor_one_mirror
D:2:      layout_rooms, reono_crystal_passage,
          hangedman_abyss_or_decor_lesser_grid
D:3:      layout_loops_ring, nicolae_uskayaw_en_pointe,
          hellmonk_ecumenical_altar_leap_of_faith
D:4:      layout_loops_corners, cheibrodos_sewer_entry_drain,
          nicolae_elemental_shop
D:5:      layout_cave_pods, amcnicky_altar_gilded,
          mainiacjoe_overflow_concentric_impassable, serial_rivers,
          chequers_serial_rivers_micro_d, chequers_serial_rivers_small_3,
          chequers_serial_rivers_small_b, chequers_serial_rivers_micro_a,
          hangedman_decor_riveting, uniq_edmund
D:6:      layout_cave_pools, nicolae_overflow_crystal_walls,
          minmay_temple_entry_poolview, serial_column_ruins,
          column_ruins_hut_ruined, column_ruins_hut, column_ruins_open_medium,
          column_ruins_grid_4, column_ruins_open_small,
          column_ruins_columns_straight, column_ruins_open_tiny,
          column_ruins_open_small, uniq_grinder, uniq_prince_ribbit1
D:7:      lemuel_castle_with_subvaults [lemuel_castle_interior_carwin_1],
          layout_basic, zin_scriptorium, minmay_nine_imps, uniq_joseph
D:8:      layout_loops_cross, lemuel_crystal_altar,
          mainiacjoe_overflow_chevrons, fedhas_altar_1
D:9:      layout_long_grid, grunt_lair_entry_orc_guard_hut
D:10:     layout_cave_pools
D:11:     minmay_the_grid_triangle_9x9_recursive_3_mashed
          [minmay_the_grid_triangle_9x9_flanged_cone,
          minmay_the_grid_triangle_9x9_from_above,
          minmay_the_grid_triangle_9x9_windchime,
          minmay_the_grid_triangle_9x9_prize_top_heavy,
          minmay_the_grid_triangle_9x9_intruding_spiral,
          minmay_the_grid_triangle_9x9_limited_checkers,
          minmay_the_grid_triangle_9x9_dagger,
          minmay_the_grid_triangle_9x9_zippers_vertical,
          minmay_the_grid_triangle_9x9_negative_grid], layout_irregular_city,
          gammafunk_ghost_ooze
D:12:     layout_loops_ring, david_orc_5, portal_ice_cave_entry_imps
Temple:   nicolae_temple_superstar
Lair:1:   layout_cave_pods, minivault_27, nicolae_lair_grove_arrangements,
          serial_bayou_ford_a, chequers_serial_rivers_micro_b, lemuel_fruit_tree
Lair:2:   layout_big_grid, elwin_shoals_entry_rocks, gammafunk_ghost_grave,
          grunt_megastairs_3
Lair:3:   layout_layer_cave, dummy_spider_entry
Lair:4:   layout_regular_city, grunt_megastairs_4, infiniplex_staircase_pool,
          serial_bayou_shore_b

Skill      XL: |  1  2  3  4  5  6  7  8  9 10 11 12 13 |
---------------+----------------------------------------+-----
Fire Magic     | 4 5 6 7 8 10 11 12 13 | 13.0
Conjurations   | 2 3 4 5 6 7 8 |  8.9
Evocations     | 1 2 3 4 5 6 7 8 |  8.0
Dodging        | 3 4 5 6 7 9 |  9.2
Spellcasting   | 3 4 5 6 7 |  7.0
Fighting       | 2 4 6 |  6.3
Staves         | 2 3 |  3.0
Stealth        | |  2.6

Action                   |  1- 3 |  4- 6 |  7- 9 | 10-12 | 13-15 || total
-------------------------+-------+-------+-------+-------+-------++-------
Melee: Short sword       |    11 |       |       |       |       ||    11
       Tentacles         |     5 |     3 |     3 |    14 |       ||    25
       Constrict         |     4 |     5 |     2 |    19 |       ||    30
       War axe           |     7 |       |       |       |       ||     7
       Staff             |       |    19 |    17 |    76 |       ||   112
       Punch             |       |       |     1 |     1 |       ||     2
 Cast: Foxfire           |    51 |    66 |   134 |   507 |    34 ||   792
       Scorch            |       |     6 |    42 |   153 |     9 ||   210
       Flame Wave        |       |       |     2 |    20 |     2 ||    24
  Use: Scroll            |       |     3 |     4 |    17 |       ||    24
       Potion            |       |       |     1 |     2 |       ||     3
 Stab: Sleeping          |     2 |     1 |     1 |       |       ||     4
Armor: Skin              |     2 |     1 |     3 |    17 |     2 ||    25
Dodge: Dodged            |    16 |    31 |    44 |   273 |    17 ||   381
Block: Other             |       |       |    14 |    65 |     5 ||    84
       Reflection        |       |       |       |     3 |       ||     3

Table legend: (Time is in decaauts)
 A = Elapsed time spent in this place.
 B = Non-inter-level travel time spent in this place.
 C = Inter-level travel time spent in this place.
 D = Time resting spent in this place.
 E = Time spent auto-exploring this place.
 F = Levels seen in this place.
 G = Mean time per level.
                   A        B        C        D        E       F      G
               +--------+--------+--------+--------+--------+-----+--------+
         Total |  19590 |  19176 |    414 |   7811 |   7541 |  17 | 1152.4 |
       Dungeon |  14615 |  14282 |    333 |   5694 |   5397 |  12 | 1217.9 |
        Temple |     18 |     11 |      7 |      0 |      0 |   1 |   18.0 |
          Lair |   4956 |   4882 |     74 |   2117 |   2144 |   4 | 1239.0 |
               +--------+--------+--------+--------+--------+-----+--------+

Top non-repeatable levels by time:
     D:7: 2557 daAuts
  Lair:1: 1607 daAuts
  Lair:3: 1503 daAuts
     D:4: 1470 daAuts
     D:6: 1466 daAuts
     D:1: 1439 daAuts
     D:8: 1385 daAuts
     D:3: 1335 daAuts
     D:9: 1276 daAuts
     D:5: 1147 daAuts
    D:10: 1145 daAuts
  Lair:2: 987 daAuts
  Lair:4: 857 daAuts
     D:2: 823 daAuts
    D:11: 362 daAuts
